 Dungeon Sprint DCSS version 0.27-a0-1248-g57ac2eb73c (webtiles) character file.

Game seed: 11885499376448662885

14 27snakeeyes612 the Slasher (level 2, -2/29 HPs)
             Began as a Minotaur Berserker on June 10, 2021.
             Was a Believer of Trog.
             Slain by an orc
             ... wielding a +0 whip
              (5 damage)
             ... in the Dungeon (Sprint IX: "|||||||||||||||||||||||||||||").
             The game lasted 00:00:07 (24 turns).

27snakeeyes612 the Slasher (Minotaur Berserker)       Turns: 24, Time: 00:00:07

Health: -2/29      AC:  2    Str: 21    XL:     2   Next: 27%
Magic:  1/1        EV: 12    Int:  4    God:    Trog [**....]
Gold:   0          SH:  0    Dex:  9    Spells: 1/1 levels left

rFire    . . .     SeeInvis .   a - +0 falchion
rCold    . . .     Faith    .   (no shield)
rNeg     . . .     Spirit   .   b - +0 animal skin
rPois    .         Reflect  .   (helmet restricted)
rElec    .         Harm     .   (no cloak)
rCorr    .         Rampage  .   (no gloves)
Will     .....     NoTele   +   (no boots)
Stlth    +.........             (no amulet)
HPRegen  0.09/turn              (no ring)
MPRegen  0.07/turn              (no ring)

@: on berserk cooldown, slowed, very slow
A: horns 2, retaliatory headbutt
a: Renounce Religion, Berserk, Trog's Hand


You were in the Dungeon.
You worshipped Trog.
Trog was pleased with you.
You visited 1 branch

Inventory:

Hand Weapons
 a - a +0 falchion (weapon)
Armour
 b - a +0 animal skin (worn)
Scrolls
 h - a scroll of blinking
Potions
 c - a potion of curing
 d - a potion of heal wounds
 e - a potion of haste
 f - 2 potions of magic
 g - a potion of berserk rage


   Skills:
 + Level 5.0 Fighting
 + Level 5.1 Long Blades
 + Level 3.0 Armour
 + Level 2.8 Dodging


You had one spell level left.
You didn't know any spells.
Your spell library was empty.

Dungeon Overview and Level Annotations

Branches:
Dungeon (1/1)

Altars:


Innate Abilities, Weirdness & Mutations

You have a pair of horns on your head.
You reflexively headbutt those who attack you in melee.


Message History

You hit the endoplasm.
The endoplasm is almost dead.
The endoplasm closely misses you.
You slash the endoplasm!
You kill the endoplasm!
Trog accepts your kill. The bat hits you but does no damage.
You barely miss the bat. You headbutt the bat.
You kill the bat!
Trog accepts your kill.
Things that are here:
a hobgoblin corpse; a rat corpse You feel a strong urge to attack something.
You are no longer berserk.
You are exhausted.
You feel yourself slow down.
Unknown command.
You open the door. 2 adders, an orc, a white imp and a zombie come into view.
The white imp shouts!
The orc shouts!
The white imp hits you. The white imp freezes you.
The adder hisses angrily. x2
You slash the white imp!
The white imp is severely wounded.
The white imp gestures at you. The puff of frost hits you!
* * * LOW HITPOINT WARNING * * *
You hit the white imp.
You kill the white imp!
Trog accepts your kill. The orc barely misses you. You furiously retaliate!
You headbutt the orc.
Your Fighting skill increases to level 5!
Your Long Blades skill increases to level 5!
Your Armour skill increases to level 3!
You have reached level 2!
Unknown command.
The orc hits you with a +0 whip.
* * * LOW HITPOINT WARNING * * *
The orc hits you with a +0 whip.
You die... ▓▓▓▓▓▓▓▓▓▓▓▓▓▓▓▓▓▓ ▓<...†@oSS.Z.....+ ▓▓▓▓▓▓▓▓▓▓▓▓▓▓▓▓▓▓

You could see 2 adders, an orc and a giant cockroach zombie.

Vanquished Creatures
  A white imp (D)
  A dart slug (D)
  An endoplasm (D)
  A hobgoblin (D)
  A bat (D)
  A rat (D)
6 creatures vanquished.

Notes
Turn   | Place    | Note
-------+----------+-------------------------------------------
     0 | D        | 27snakeeyes612 the Minotaur Berserker began the quest for
                  | the Orb.
     0 | D        | Reached XP level 1. HP: 19/19 MP: 0/0
     9 | D        | Reached ** piety under Trog
    21 | D        | Reached skill level 5 in Fighting
    21 | D        | Reached skill level 5 in Long Blades
    21 | D        | Reached XP level 2. HP: 8/29 MP: 1/1
    24 | D        | Slain by an orc

Illustrated notes

Levels and vault maps discovered:
D:        linesprint [early_d, line_temple, items_1, d_10, items_2, lair_1,
          lair_end, items_3, orc_1, orc_end, items_4, d_15, swamp_1, shoals_1,
          snake_1, spider_1, d_20, vaults_1, items_5, swamp_end, shoals_end,
          snake_end, spider_end, vaults_end, d_27, items_6, zot_1, zot_end,
          crypt_end, forest_end, elf_end, slime_end, tomb_end, abyss_end,
          pan_hell_end]

Skill      XL: |  1 |
---------------+----+-----
Fighting       | 5 |  5.0
Long Blades    | 5 |  5.1
Armour         | 3 |  3.0
Dodging        | |  2.8

Action                   || total
-------------------------++-------
Melee: Falchion          ||     9
       Headbutt          ||     1
Invok: Berserk           ||     1
Armor: Animal skin       ||     1
Dodge: Dodged            ||     4

Table legend: (Time is in decaauts)
 A = Elapsed time spent in this place.
 B = Non-inter-level travel time spent in this place.
 C = Inter-level travel time spent in this place.
 D = Time resting spent in this place.
 E = Time spent auto-exploring this place.
 F = Levels seen in this place.
 G = Mean time per level.
                   A        B        C        D        E       F      G
               +--------+--------+--------+--------+--------+-----+--------+
         Total |     25 |     25 |      0 |      0 |      0 |   1 |   25.0 |
       Dungeon |     25 |     25 |      0 |      0 |      0 |   1 |   25.0 |
               +--------+--------+--------+--------+--------+-----+--------+

Top non-repeatable levels by time:
       D: 25 daAuts
